Map: Ulrena

Players

Constant - Winner!

  • Race: Terran Terran
  • League: Diamond

LilDicky

  • Race: Terran Terran
  • League: Diamond

VOD

http://www.twitch.tv/tumescentpie

Description

Time

  • Played on: Dec. 20, 2015, 3:37 p.m.
  • Length: 20:49
Show
View Real Time Build Order
Export as new Build Order

Constant Terran - Winner!

Build Orders: 1/1/1, Cyclone Opening, Bio Tank 

Get SALT Encoding   

  12  0:00  SCV  
  13  0:13  SCV  
  14  0:18  Supply Depot  
  14  0:25  SCV  
  15  0:31  Refinery  
  15  0:39  SCV  
  16  0:45  Barracks  
  16  0:52  SCV  
  17  1:04  SCV  
  18  1:16  SCV  
  19  1:32  Orbital Command  
  19  1:33  Marine  
  19  1:34  Factory  
  20  1:41  Refinery  
  20  1:51  Marine  
  21  1:59  SCV  
  22  2:09  Supply Depot  
  22  2:12  SCV  
  23  2:18  Factory Tech Lab, Starport  
  23  2:30  SCV, Marine  
  25  2:41  Cyclone  
  28  2:46  SCV, Engineering Bay  
  28  2:51  Marine  
  28  2:57  Supply Depot  
  29  3:01  Liberator  
  29  3:04  SCV  
  30  3:12  Missile Turret  
  30  3:16  Marine  
  34  3:21  SCV  
  35  3:28  Supply Depot  
  35  3:34  SCV  
  36  3:46  SCV  
  37  3:52  Siege Tank  
  40  3:55  Barracks Reactor  
  40  4:02  Supply Depot  
  40  4:09  Command Center  
  40  4:11  SCV  
  33  4:43  Marine x2  
  33  4:44  Viking, Siege Tank  
  40  4:59  Missile Turret  
  40  5:01  Marine  
  40  5:02  Marine  
  46  5:21  Orbital Command  
  42  5:22  SCV  
  42  5:23  Marine x2  
  42  5:24  Siege Tank  
  48  5:40  Barracks x2  
  48  5:42  Marine x2  
  50  5:43  Starport Reactor  
  50  5:45  SCV  
  50  5:49  SCV  
  52  5:57  SCV  
  52  6:01  SCV  
  52  6:02  Marine x2  
  56  6:08  Refinery  
  56  6:09  SCV  
  56  6:11  Siege Tank  
  56  6:13  SCV  
  59  6:29  Barracks Tech Lab, Missile Turret, Marine x2  
  59  6:30  Barracks Reactor, Medivac  
  59  6:31  Medivac  
  65  6:34  SCV x2  
  65  6:39  Terran Infantry Weapons Level 1, Refinery  
  67  6:46  SCV  
  67  6:47  SCV  
  69  6:48  Marine  
  69  6:50  Supply Depot, Stimpack  
  69  6:52  Supply Depot  
  70  7:12  SCV x2, Siege Tank, Marine x3  
  70  7:14  Marine x2  
  80  7:15  Supply Depot  
  80  7:16  Supply Depot  
  80  7:30  Marine  
  80  7:33  Marine  
  80  7:34  Barracks, Marine x3  
  80  7:36  Barracks  
  85  7:48  Siege Tank, Medivac x2  
  92  7:54  Supply Depot  
  92  7:58  Supply Depot  
  92  8:05  Marine x5  
  96  8:28  Marine x4  
  96  8:29  Barracks Reactor  
  97  8:40  Marine  
  99  8:46  Marine  
  99  8:49  Command Center  
  98  9:03  Marine x3  
  98  9:07  Combat Shields  
  99  9:11  Barracks Reactor  
  98  9:17  Marine x4  
  88  9:38  SCV  
  88  9:39  SCV  
  88  9:40  Marine x4  
  88  9:41  Marine x2  
  96  9:47  Marine  
  96  9:48  Marine x2  
  96  9:50  SCV  
  96  9:51  SCV  
  97  9:54  Siege Tank, Medivac  
  97  9:56  Terran Infantry Armor Level 1  
  97  9:58  Marine x2  
  95  10:09  Medivac  
  95  10:14  Marine x5  
  86  10:15  Marine  
  92  10:22  Supply Depot x2  
  92  10:30  Siege Tank  
  92  10:31  Medivac  
  97  10:39  Marine x3  
  97  10:40  Marine  
  95  10:55  Marine x4  
  86  10:57  Orbital Command  
  86  11:06  Viking  
  86  11:07  Marine x2  
  82  11:21  Marine x2  
  82  11:22  Marine x3  
  80  11:31  SCV x2  
  80  11:32  SCV  
  83  11:39  Viking, Marine  
  86  11:43  SCV  
  86  11:44  SCV x2  
  86  11:46  Armory  
  89  11:51  Engineering Bay  
  89  11:54  Marine x2  
  89  11:55  SCV, Marine x3  
  89  11:56  Marine  
  96  12:05  Marine x3  
  99  12:12  Marine  
  99  12:14  Marine  
  99  12:15  Marine x4  
  107  12:22  Siege Tank  
  107  12:23  Viking x2, Marine x2  
  112  12:33  Missile Turret  
  112  12:37  Marine x2  
  112  12:38  Marine x3  
  117  12:50  Marine x2  
  117  12:51  Marine x2  
  121  13:04  Marine x3  
  122  13:09  Marine x6  
  122  13:10  Terran Infantry Weapons Level 2  
  128  13:16  Liberator  
  128  13:21  Marine  
  128  13:22  Marine  
  128  13:26  Missile Turret  
  127  13:29  Supply Depot  
  127  13:30  Supply Depot, Marine x4  
  127  13:31  Supply Depot, Marine x3  
  127  13:32  Siege Tank  
  140  13:36  SCV x3  
  143  13:55  Marine  
  143  13:56  Marine x5  
  143  13:59  Marine x3  
  143  14:00  Medivac  
  144  14:11  Siege Tank  
  144  14:13  Marine x2  
  144  14:14  Marine  
  150  14:20  Command Center  
  150  14:22  Medivac  
  152  14:25  Marine  
  152  14:26  Marine x5  
  158  14:38  Missile Turret  
  158  14:40  Marine x3  
  158  14:41  Viking  
  158  14:43  Marine  
  164  14:53  Marine  
  164  14:54  Marine x4  
  164  14:55  Medivac  
  164  14:58  Marine x2  
  173  15:01  Terran Infantry Armor Level 2  
  173  15:31  Marine x8  
  173  15:44  Orbital Command  
  173  15:45  Marine  
  173  15:46  Siege Tank, Medivac  
  173  15:47  Medivac  
  173  15:48  Terran Infantry Weapons Level 3  
  173  15:49  Marine x2  
  183  15:57  Marine x3  
  183  16:04  Marine x2  
  186  16:09  Supply Depot  
  186  16:10  Supply Depot  
  188  16:17  Missile Turret  
  188  16:31  Siege Tank, Marine x7  
  195  16:43  Marine  
  195  16:44  Marine  
  195  16:45  Medivac  
  199  16:49  Marine  
  200  16:58  Factory  
  198  17:08  Marine x3  
  198  17:09  Marine x2  
  198  17:10  Marine  
  198  17:15  Marine  
  196  17:26  Terran Infantry Armor Level 3  
  194  17:41  Planetary Fortress  
  194  17:44  Supply Depot  
  194  17:45  Supply Depot  
  194  17:57  Marine  
  188  17:59  Marine  
  174  18:05  Marine  
  174  18:07  Marine x4  
  174  18:08  Siege Tank, Marine  
  174  18:09  Medivac x2  
  185  18:19  Marine x2  
  181  18:23  Marine  
  181  18:27  Factory Tech Lab  
  181  18:29  Command Center, Marine  
  181  18:30  Marine x2  
  181  18:31  Barracks Reactor  
  172  18:41  Viking  
  172  18:42  Viking, Marine x3  
  175  18:52  Marine  
  175  18:54  Marine  
  169  19:04  Marine x4  
  173  19:12  Siege Tank, Marine x2  
  178  19:23  Marine x3  
  181  19:27  Supply Depot  
  181  19:39  Refinery, Marine  
  181  19:40  Refinery, Orbital Command  
  181  19:41  Siege Tank, Marine x3  
  185  19:52  Marine  
  185  19:53  Marine x4  
  188  20:08  Marine x4  
  188  20:09  Siege Tank  
  188  20:10  Marine  
Show
View Real Time Build Order
Export as new Build Order

LilDicky Terran 

Build Orders: Banshee Rush 

Get SALT Encoding   

  12  0:02  SCV  
  13  0:14  SCV  
  13  0:19  Supply Depot  
  14  0:26  SCV  
  15  0:41  SCV  
  15  0:42  Refinery  
  16  0:45  Barracks  
  16  0:53  SCV  
  17  1:05  SCV  
  18  1:17  SCV  
  19  1:31  Refinery  
  19  1:36  Supply Depot  
  19  1:37  Reaper  
  19  1:39  Orbital Command  
  20  2:05  SCV  
  20  2:06  Factory  
  21  2:10  Reaper  
  22  2:21  SCV  
  23  2:30  Supply Depot  
  23  2:33  SCV  
  23  2:45  SCV  
  24  2:52  Factory Tech Lab  
  24  2:55  Starport  
  24  2:57  SCV  
  25  3:02  Command Center  
  25  3:03  Marine  
  25  3:05  Supply Depot  
  26  3:14  SCV  
  26  3:18  Widow Mine  
  29  3:21  Marine  
  29  3:26  SCV  
  30  3:44  Banshee  
  30  3:45  Supply Depot, Cloaking Field, Engineering Bay  
  33  3:51  Widow Mine  
  35  4:00  SCV, Marine  
  37  4:12  SCV  
  37  4:14  Supply Depot  
  37  4:18  Marine  
  37  4:19  Missile Turret  
  38  4:27  Banshee  
  41  4:36  Marine  
  42  4:59  SCV  
  43  5:01  Factory Tech Lab, Missile Turret  
  43  5:10  Banshee  
  43  5:12  SCV  
  43  5:13  Missile Turret  
  47  5:20  Siege Tank  
  47  5:24  SCV, Marine  
  47  5:26  Orbital Command  
  49  5:30  Refinery x2  
  46  5:36  SCV  
  46  5:42  Marine  
  48  5:48  SCV  
  49  5:56  Siege Tank  
  50  6:00  SCV, Marine  
  55  6:06  Supply Depot, SCV  
  56  6:12  SCV  
  56  6:17  Marine  
  56  6:18  Command Center, SCV  
  56  6:25  SCV  
  56  6:28  Siege Tank  
  57  6:34  SCV  
  57  6:35  Marine  
  57  6:36  Starport Reactor  
  57  6:37  Factory  
  57  6:39  SCV  
  60  6:46  SCV  
  61  6:51  Engineering Bay  
  61  6:52  SCV  
  62  6:58  SCV  
  62  7:01  Missile Turret  
  63  7:03  Missile Turret  
  63  7:04  SCV  
  64  7:10  SCV  
  65  7:16  SCV  
  65  7:17  Supply Depot, Viking  
  65  7:19  Viking  
  65  7:22  Barracks Reactor  
  70  7:23  SCV  
  70  7:25  Siege Tank  
  70  7:28  SCV  
  75  7:31  Orbital Command  
  75  7:35  SCV  
  76  7:40  SCV  
  77  7:46  Refinery  
  77  7:47  SCV, Refinery  
  78  7:52  SCV  
  78  7:56  Viking x2  
  83  7:59  SCV  
  82  8:26  Viking x2  
  86  8:32  Marine  
  86  8:33  Marine  
  80  8:43  Liberator x2  
  77  8:49  Siege Tank x2  
  82  9:01  SCV  
  87  9:21  Siege Tank x2  
  77  9:39  Marine  
  77  9:40  Marine  
  72  10:09  Orbital Command  
  69  10:14  Siege Tank x2  
  69  10:16  SCV  
  76  10:28  SCV  
  77  10:36  Command Center, SCV  
  77  10:41  SCV  
  78  10:46  Siege Tank x2, Liberator  
  78  10:47  Liberator  
  78  10:48  SCV  
  78  10:53  SCV  
  64  11:05  SCV  
  64  11:06  Marine  
  64  11:10  SCV  
  67  11:18  Siege Tank x2  
  61  11:34  SCV x2  
  63  11:44  Terran Infantry Weapons Level 1, Barracks  
  63  11:45  Barracks  
  63  11:46  Barracks  
  63  11:47  Barracks  
  63  11:49  SCV x2, Engineering Bay  
  63  11:50  Siege Tank x2, Barracks x2  
  63  11:51  Barracks  
  63  11:53  Marine x2  
  63  11:54  Barracks  
  73  11:55  Barracks  
  73  11:58  Medivac x2  
  73  12:01  SCV x2  
  79  12:09  Orbital Command  
  79  12:13  SCV x2  
  81  12:17  Marine x2  
  86  12:22  Siege Tank  
  86  12:25  SCV x2  
  88  12:35  Marine x2  
  88  12:36  Marine  
  88  12:37  SCV x2, Marine  
  94  12:49  SCV x2  
  96  12:53  Marine x2  
  82  13:17  Marine  
  82  13:18  Marine  
  79  13:20  Marine x5  
  79  13:24  Barracks Tech Lab  
  79  13:25  Barracks Tech Lab  
  79  13:28  Armory  
  79  13:32  Terran Infantry Armor Level 1  
  79  13:35  Marine x2  
  79  13:37  Marine  
  79  13:38  Marine x4  
  86  13:46  Viking  
  86  13:47  Viking, Marine x2  
  92  13:53  Marine x2  
  92  13:54  Missile Turret  
  92  13:55  Marine x2  
  94  13:56  Marine x3  
  94  14:02  Supply Depot  
  96  14:05  Marine x2  
  96  14:06  Missile Turret x3  
  96  14:07  Missile Turret x2  
  98  14:11  Marine x2  
  98  14:13  Marine  
  98  14:16  Marine  
  101  14:18  Marine x3  
  101  14:23  Marine x2  
  102  14:27  Barracks Tech Lab  
  102  14:29  Combat Shields, Stimpack, Marine x2  
  102  14:31  Marine  
  104  14:34  Sensor Tower, Marine  
  104  14:35  Supply Depot, Marine x2  
  104  14:37  Supply Depot  
  104  14:38  SCV, Terran Infantry Weapons Level 2  
  109  14:44  Marauder  
  99  14:56  Command Center  
  99  14:57  Supply Depot  
  99  14:59  Supply Depot, Siege Tank  
  102  15:00  Siege Tank  
  102  15:01  Marine x2  
  105  15:14  Marine x3  
  105  15:17  Barracks Reactor x2  
  105  15:19  Medivac x2  
  105  15:21  Marine x4  
  112  15:23  SCV  
  112  15:25  Marine  
  112  15:26  SCV, Supply Depot  
  119  15:32  Marine x3  
  122  15:37  Missile Turret  
  119  15:43  Supply Depot  
  119  15:45  Supply Depot  
  118  15:55  Marine x2  
  118  15:56  Marine  
  113  16:03  Marine x2  
  115  16:04  Medivac x2  
  115  16:06  Marine  
  115  16:07  Siege Tank x2, Marine  
  115  16:08  Marine x2  
  128  16:30  Missile Turret  
  128  16:31  Marine x3  
  128  16:32  Marine x6  
  137  16:34  Medivac x2  
  137  16:39  Siege Tank  
  135  16:42  Marine x2  
  135  16:43  Marauder  
  139  17:00  Marine x2  
  139  17:01  Marine x3  
  143  17:04  Medivac x2  
  143  17:05  Missile Turret  
  141  17:19  Marine  
  141  17:20  Marine x5  
  137  17:23  Marine  
  137  17:29  Marine x2  
  127  17:40  Marine x3  
  127  18:03  Marine x7  
  124  18:07  Marine x2  
  110  18:23  Marine x10  
  100  18:32  Marine x2  
  100  18:40  Marine  
  96  18:41  Marine x3  
  97  18:52  Marine x2  
  97  18:53  Marine x4  
  95  19:00  Marine x6  
  90  19:08  Siege Tank  
  93  19:10  Marine x5  
  93  19:11  Marauder  
  93  19:12  Planetary Fortress  
  100  19:17  Marine  
  100  19:18  Missile Turret  
  100  19:20  Marine x2  
  100  19:21  Marine, Marauder  
  100  19:22  Marauder  
  102  19:48  Marine x2  
  102  19:49  Marine x2  
  102  19:50  Marauder x2  
  87  19:55  Marine x6  
  90  20:00  SCV  
  90  20:01  SCV x2  
  90  20:06  Marine x4  
  97  20:09  Siege Tank x2  
  97  20:10  Marine x2  
  97  20:11  Medivac x2  
  97  20:12  Marine  
  97  20:13  Marine x5  
  115  20:15  Refinery  
  115  20:16  Refinery  
  115  20:24  Command Center, Marine x4  
  119  20:30  Marine  
  119  20:31  Marine  
  119  20:32  Supply Depot  
Tags
 
Add a new tag
Caveats
  • Supply blocks, unpowered buildings, or Contaminate may cause inaccurate times.
  • Supply counts are checked every 10 seconds.